 Dungeon Crawl Stone Soup version 0.27-a0-951-gae3e1deef5 (webtiles) character file.

Game seed: 1545616724327570565

117 Alarkh the Insei (level 4, -2/33 HPs)
             Began as a Demonspawn Transmuter on Apr 11, 2021.
             Slain by an orc wizard
             ... wielding a +0 dagger
              (3 damage)
             ... on level 4 of the Dungeon.
             The game lasted 00:02:33 (2160 turns).

Alarkh the Insei (Demonspawn Transmuter)            Turns: 2160, Time: 00:02:34

Health: -2/33      AC:  1    Str: 12    XL:     4   Next: 71%
Magic:  1/8        EV: 12    Int: 17    God:
Gold:   34         SH:  0    Dex: 14    Spells: 4/8 levels left

rFire    . . .     SeeInvis .     - Unarmed
rCold    . . .     Faith    .   (no shield)
rNeg     . . .     Spirit   .   a - +0 robe
rPois    .         Reflect  .   (no helmet)
rElec    .         Harm     .   (no cloak)
rCorr    .         Rampage  .   (no gloves)
Will     +....                  (no boots)
Stlth    +.........             (no amulet)
HPRegen  0.11/turn              (no ring)
MPRegen  0.11/turn              (no ring)

@: very slightly contaminated
A: claws 2, clever 1, deformed body, strong-willed 1, strong 1
a: no special abilities


You were on level 4 of the Dungeon.
You visited 1 branch of the dungeon, and saw 4 of its levels.

You collected 34 gold pieces.

Inventory:

Missiles
 e - 9 poisoned darts
Armour
 a - a +0 robe (worn)
Scrolls
 b - a scroll of holy word {unknown}
 c - a scroll of blinking {unknown}
 d - a scroll of enchant armour {unknown}
 g - a scroll of magic mapping {unknown}
Potions
 f - a potion of flight {unknown}
 i - a potion of mutation


   Skills:
 + Level 2.1 Fighting
 - Level 1.7 Dodging
 * Level 3.8 Unarmed Combat
 + Level 2.7 Spellcasting
 + Level 2.5 Transmutations


You had 4 spell levels left.
You knew the following spells:

 Your Spells              Type           Power      Damage    Failure   Level
a - Beastly Appendage     Tmut           20%        N/A       6%          1
b - Spider Form           Tmut/Pois      3%         N/A       32%         3

Your spell library contained the following spells:

 Spells                   Type           Power      Damage    Failure   Level
 Wereblood                Tmut           10%        N/A       10%         2
 Ice Form                 Ice/Tmut       6%         N/A       71%         4
 Hydra Form               Tmut           5%         N/A       87%         5


Dungeon Overview and Level Annotations

Branches:
Dungeon (4/15)
 Temple: D:4-7

Altars:
Dithmenos

Shops:
D:3 *

Annotations:
D:3 Robin


Innate Abilities, Weirdness & Mutations

You have very sharp fingernails.
Your mind is acute. (Int +2)
Armour fits poorly on your strangely shaped body.
You are strong-willed. (Will+)
Your muscles are strong. (Str +2)


Message History

You feel better.
You kill the orc!
The orc priest mumbles some strange prayers to Beogh against you.
Beogh smites you!
* * * LOW HITPOINT WARNING * * *
The orc wizard gestures at you while chanting.
The puff of flame misses you. The orc barely misses you.
An adder skeleton comes into view.
It was a potion of mutation.
You feel extremely strange.
Your body twists and deforms.
You feel stronger.
You feel strong-willed.
You feel clever. The orc wizard closely misses you. The orc barely misses you.
Your transformation has ended.
Your +0 robe unmelds from your body.
You scratch the orc wizard.
The orc wizard is lightly wounded.
The orc wizard hits you with a +0 dagger.
* * * LOW HITPOINT WARNING * * *
Sorry, you're not good enough to have a special ability.
Unknown command.
Casting: Spider Form (quite dangerous; 32% risk of failure)
Confirm with . or Enter, or press ? or * to list all spells.
The spell is quite dangerous to cast (32% risk of failure)!
Continue anyway?
You miscast Spider Form.
You are very lightly contaminated with residual magic.
Nothing appears to happen.
The orc wizard hits you with a +0 dagger.
* * * LOW HITPOINT WARNING * * *
Unknown command.
You scratch the orc wizard.
The orc wizard is heavily wounded.
The orc wizard barely misses you.
You scratch the orc wizard.
The orc wizard is heavily wounded.
The orc priest calls upon Beogh to heal the orc wizard.
The orc wizard is healed somewhat.
The orc wizard completely misses you.
You barely miss the orc wizard.
The orc wizard is moderately wounded.
The orc wizard hits you with a +0 dagger.
You die...

######..#
#........ #.#
#.# #@#
###.####o##
..Z.o.)oo<#
##....).Z....#
##.####..#..#
# #..#..# ....
... ##..##.#..
#..# ####


You could see an orc priest, an orc wizard, an orc and an adder skeleton.

Vanquished Creatures
  A killer bee zombie (D:2)
  3 adders
  A gnoll (D:1)
  A worm (D:2)
  4 dart slugs
  2 orcs (D:4)
  5 endoplasms
  4 giant cockroaches
  4 goblins
  2 hobgoblins
  4 quokkas
  5 ball pythons
  2 bats (D:1)
  A frilled lizard (D:1)
  3 kobolds (D:1)
  7 rats
49 creatures vanquished.

Notes
Turn   | Place    | Note
-------+----------+-------------------------------------------
     0 | D:1      | Alarkh the Demonspawn Transmuter began the quest for the
                  | Orb.
     0 | D:1      | Reached XP level 1. HP: 15/15 MP: 3/3
   181 | D:1      | Gained mutation: You have sharp fingernails. [demonic
                  | ancestry]
   181 | D:1      | Reached XP level 2. HP: 12/21 MP: 3/5
   195 | D:1      | Reached skill level 3 in Unarmed Combat
   564 | D:1      | Found a faded altar of an unknown god.
   631 | D:1      | Reached XP level 3. HP: 24/26 MP: 4/6
  1011 | D:2      | Found a shadowy altar of Dithmenos.
  1201 | D:2      | Gained mutation: You have very sharp fingernails. [demonic
                  | ancestry]
  1201 | D:2      | Reached XP level 4. HP: 18/33 MP: 5/7
  1857 | D:2      | You fall into a shaft and drop 1 floor!
  1880 | D:3      | Found Imoar's General Store.
  2033 | D:3      | Noticed Robin
  2084 | D:4      | Learned a level 3 spell: Spider Form
  2153 | D:4      | Gained mutation: Armour fits poorly on your strangely
                  | shaped body. [potion of mutation]
  2153 | D:4      | Gained mutation: Your muscles are strong. (Str +2) [potion
                  | of mutation]
  2153 | D:4      | Gained mutation: You are strong-willed. (Will+) [potion of
                  | mutation]
  2153 | D:4      | Gained mutation: Your mind is acute. (Int +2) [potion of
                  | mutation]
  2157 | D:4      | HP: 1/33 [orc wizard/+0 dagger (1)]
  2160 | D:4      | Slain by an orc wizard

Illustrated notes

Levels and vault maps discovered:
D:1:      dpeg_arrival_arbitrary_c, layout_loops_ring,
          shapermc_ecumenical_altar_notcrosses, serial_glass, glass_columns_a,
          glass_columns_c, minmay_unequal
D:2:      layout_loops_corners, basic_altar
D:3:      layout_loops_ring, grunt_temple_overflow_open, serial_shops,
          nicolae_shop_trees, uniq_robin
D:4:      layout_loops_ring, nicolae_dithmenos_through_a_glass_darkly

Skill      XL: |  1  2  3  4 |
---------------+-------------+-----
Unarmed Combat | 3 |  3.8
Transmutations | 2 |  2.5
Fighting       | 2 |  2.1
Dodging        | |  1.7
Spellcasting   | |  2.7

Action                   |  1- 3 |  4- 6 || total
-------------------------+-------+-------++-------
Melee: Unarmed           |   108 |    60 ||   168
       Kick              |     8 |     9 ||    17
       Headbutt          |     9 |     6 ||    15
 Cast: Beastly Appendage |    23 |    15 ||    38
       Spider Form       |       |     1 ||     1
  Use: Potion            |     1 |     3 ||     4
 Stab: Sleeping          |     1 |       ||     1
Armor: Robe              |    23 |    10 ||    33
       Skin              |       |     3 ||     3
Dodge: Dodged            |    67 |    49 ||   116

Table legend: (Time is in decaauts)
 A = Elapsed time spent in this place.
 B = Non-inter-level travel time spent in this place.
 C = Inter-level travel time spent in this place.
 D = Time resting spent in this place.
 E = Time spent auto-exploring this place.
 F = Levels seen in this place.
 G = Mean time per level.
                   A        B        C        D        E       F      G
               +--------+--------+--------+--------+--------+-----+--------+
         Total |   2150 |   2142 |      8 |    212 |   1518 |   4 |  537.5 |
       Dungeon |   2150 |   2142 |      8 |    212 |   1518 |   4 |  537.5 |
               +--------+--------+--------+--------+--------+-----+--------+

Top non-repeatable levels by time:
     D:1: 995 daAuts
     D:2: 854 daAuts
     D:3: 212 daAuts
     D:4: 87 daAuts
